 Dungeon Crawl Stone Soup version 0.31.0-32-g396128a36d (webtiles) character file.

Game seed: 5870413303496723279

20761 jjones the Thaumaturge (level 12, -24/92 HPs)
             Began as a Demonspawn Fire Elementalist on Mar 26, 2024.
             Was a High Priest of Cheibriados.
             Annihilated by a swamp worm (36 damage)
             ... on level 3 of the Lair of Beasts on Mar 28, 2024.
             The game lasted 05:44:03 (15069 turns).

jjones the Thaumaturge (DsFE)                      Turns: 15069, Time: 05:44:04

Health: -24/92     AC: 24    Str: 27    XL:     12   Next: 48%
Magic:  18/25      EV:  2    Int: 31    God:    Cheibriados [*****.]
Gold:   604        SH:  0    Dex: 24    Spells: 20/30 levels left

rFire   . . .        Z - +3 war axe of the Pariah {freeze, rElec rN+ Int+2}
rCold   + . .        O - orb {*channel}
rNeg    + . .        q - +0 chain mail
rPois   .            o - +2 hat
rElec   +            D - +2 cloak {Will+}
rCorr   .            G - +0 pair of gloves
SInv    .            F - +0 pair of boots
Will    +....        s - amulet of reflection Stlth
                     h - +6 ring of strength
HPRegen 0.35/turn    l - ring of protection from cold
MPRegen 0.19/turn

%: reflection, channel magic (20%)
@: about to teleport, sleeping, sanguine armoured, very slow
A: demonic guardian 3, ignite blood 2, sanguine armour 1, weakness stinger 2,
antennae 1, robust 1, weak 1, MP-powered wands
a: Renounce Religion, Bend Time, Temporal Distortion, Slouch, Step From Time


You were on level 3 of the Lair of Beasts.
You worshipped Cheibriados.
Cheibriados was extremely pleased with you.
You visited 3 branches of the dungeon, and saw 15 of its levels.

You collected 604 gold pieces.

Inventory:

Hand Weapons
 c - a +0 heavy war axe
 d - a +1 mace
 i - a +1 dagger of venom
 y - a +0 sling
 J - a +4 glaive
 M - a +0 shortbow
 R - a +3 short sword of venom
 T - a +1 great sword of distortion
 V - a +3 hand axe
 X - a +3 flail
 Z - the +3 war axe of the Pariah (weapon) {freeze, rElec rN+ Int+2}
   (You found it on level 10 of the Dungeon)

   Int+2:     It affects your intelligence (+2).
   rElec:     It insulates you from electricity.
   rN+:       It protects you from negative energy.
Missiles
 f - 6 boomerangs (quivered)
 k - 123 stones
 p - 2 throwing nets
 A - 10 javelins
 K - a curare-tipped dart
 L - 17 poisoned darts
Armour
 a - a +1 robe
 n - a +1 cloak
 o - a +2 hat (worn)
 q - a +0 chain mail (worn)
 t - a +2 hat
 z - a +0 plate armour
 D - a +2 cloak of willpower (worn)
 F - a +0 pair of boots (worn)
 G - a +0 pair of gloves (worn)
 O - an orb of energy (worn)
Jewellery
 g - an amulet of faith
 h - a +6 ring of strength (left hand)
 j - a ring of poison resistance
 l - a ring of protection from cold (right hand)
 s - an amulet of reflection (around neck)
 v - a +6 ring of dexterity
 w - a ring of flight
 x - a +4 ring of protection
 E - a ring of resist corrosion
 Y - a ring of protection from cold
Wands
 u - a wand of polymorph (7)
 B - a wand of iceblast (4)
 S - a wand of paralysis (12)
Scrolls
 b - 2 scrolls of vulnerability
 e - a scroll of poison
 m - 2 scrolls of enchant weapon
 P - 2 scrolls of fear
 Q - 5 scrolls of identify
Potions
 r - 2 potions of attraction
 N - a potion of might
 U - a potion of brilliance
 W - a potion of invisibility


   Skills:
 + Level 4.3 Fighting
 + Level 3.9 Short Blades
 + Level 5.9(6.3) Axes
 + Level 3.3(5.1) Maces & Flails
 + Level 1.0 Throwing
 + Level 7.3 Armour
 + Level 3.1 Dodging
 + Level 3.0 Stealth
 + Level 1.6 Shields
 + Level 9.9 Spellcasting
 + Level 6.5 Conjurations
 + Level 0.9 Summonings
 + Level 9.8 Fire Magic
 + Level 0.4 Ice Magic
 + Level 0.3 Evocations


You had 20 spell levels left.
You knew the following spells:

 Your Spells              Type           Power      Damage    Failure   Level
a - Foxfire               Conj/Fire      100%       2x1d9     3%          1
b - Scorch                Fire           100%       2d9       3%          2
c - Flame Wave            Conj/Fire      60%        2d14      14%         4
d - Summon Ice Beast      Ice/Summ       19%        N/A       52%         3

Your spell library contained the following spells:

 Spells                   Type           Power      Damage    Failure   Level
 Magic Dart               Conj           100%       1d8       4%          1
 Searing Ray              Conj           100%       2d8       6%          2
 Kiss of Death            Conj/Necr      100%       2d13      12%         1
 Inner Flame              Hex/Fire       45%        N/A       16%         3
 Volatile Blastmotes      Fire/Tloc      90%        2d17      16%         3
 Hailstorm                Conj/Ice       36%        3d9       24%         3
 Dazzling Flash           Conj/Hex       70%        N/A       26%         3
 Lesser Beckoning         Tloc           30%        N/A       41%         2
 Fulminant Prism          Conj/Alch      17%        3d11      56%         4
 Confusing Touch          Hex            15%        N/A       61%         3
 Gell's Gravitas          Tloc           15%        N/A       61%         3
 Teleport Other           Tloc           15%        N/A       61%         3
 Starburst                Conj/Fire      30%        6d9       78%         6
 Dispel Undead            Necr           15%        3d10      92%         4
 Sculpt Simulacrum        Ice/Alch       8%         N/A       100%        6
 Maxwell's Capacitive Co  Air            7%         ∞         100%        8


Dungeon Overview and Level Annotations

Branches:
Dungeon (11/15)            Temple (1/1) D:6            Lair (3/5) D:11
  Swamp: Lair:2-3    Shoals: Lair:2-3     Snake: Lair:2-3    Spider: Lair:2-3
    Orc: D:9-12

Altars:
Ashenzari
Cheibriados
Dithmenos
Fedhas
Gozag
Hepliaklqana
Kikubaaqudgha
Makhleb
Nemelex Xobeh
Okawaru
Qazlal
Ru
Sif Muna
Trog
Uskayaw
Vehumet
Wu Jian
Xom
Yredelemnul

Annotations:
D:7 4 runed translucent doors
D:11 3 runed translucent doors


Innate Abilities, Weirdness & Mutations

A powerful demonic guardian rushes to your aid.
Your demonic aura often causes spilled blood to erupt in flames.
When seriously injured, your blood forms armour. (AC +6)
You have a tail ending in a sharp stinger.
You have a pair of small antennae on your head.
You are robust. (+10% HP)
You are weak. (Str -2)
You expend magic power (3 MP) to strengthen your wands.


Message History

The yak gores you but does no damage.
A tyrant leech comes into view.
The swamp worm fires a harpoon shot at you.
The harpoon shot hits you.
You are yanked forward by the harpoon shot.
The swamp worm bites you but does no damage.
The yak gores you but does no damage.
The dream sheep "Baaaas" sleepily.
The dream sheep shake their wool and sparkle.
You feel drowsy...
You fall asleep.
The swamp worm fires a harpoon shot at you.
The harpoon shot hits you!
You wake up.
You are yanked forward by the harpoon shot.
The yak attacks as it pursues you! The yak gores you!
Your blood congeals into armour.
The yak gores you.
The swamp worm bites you but does no damage.
As you read the scroll of teleportation, it crumbles to dust.
You feel strangely unstable. The yak closely misses you.
The swamp worm bites you! The yak gores you! The tyrant leech bites you!!
* * * LOW HITPOINT WARNING * * *
A demonic guardian appears!
The tyrant leech draws strength from your injuries!
Your hell beast bites the yak.
Your hell beast tramples the yak.
The yak holds its ground!
The yak is engulfed in blazing flames.
The yak barely misses your hell beast.
The yak is engulfed in blazing flames.
You kill the yak!
Cheibriados appreciates the change of pace.
Your hell beast bites the yak!
The yak dies!
Cheibriados appreciates the change of pace.
The swamp worm bites you but does no damage.
Your hell beast bites the swamp worm.
Your hell beast tramples the swamp worm.
The swamp worm holds its ground!
Your hell beast bites the swamp worm.
Your hell beast closely misses the swamp worm.
The dream sheep ruffle their wool and motes of dream dust sparkle, to no effect.
The dream sheep shake their wool and sparkle.
You feel drowsy...
You fall asleep.
The swamp worm bites you!!!
You die...

......# ....~. ♣♣....###P...
###......##♣♣~.~. ♣♣...# #...
#.#.......♣♣≈~.~ ♣....## #..
#.......♣♣...~ ♣.....# ..
####......#♣♣..♣♣♣♣ ♣♣.....#
.........##.♣.....#♣♣P....##
.........#..#○○w...##PP....# .
.............Y.2w.##..P...####...
..P........Y.Y..@.P##P....#.PP...
..P..............................
#P##.##P.##..####.#.#########.P.#
## ########.## ##### ## ###


You could see a tyrant leech, a swamp worm (ally target), 3 dream sheep and a
friendly hell beast (summoned).

Vanquished Creatures
  Harold (Lair:1)
  A boulder beetle (Lair:1)
  A two-headed ogre (D:9)
  A deep elf pyromancer (D:9)
  Maurice (D:11)
  A manticore (D:10)
  4 elephants (Lair:1)
  A gargoyle (D:10)
  5 cane toads
  2 rime drakes
  A komodo dragon (Lair:2)
  A polar bear (Lair:2)
  A dream sheep (Lair:3)
  A wyvern (D:10)
  39 yaks
  A wraith (D:9)
  2 basilisks (Lair:2)
  2 nameless horrors (D:10)
  2 vampire mosquitoes (D:10)
  8 water moccasins
  A sky beast (D:6)
  3 black bears
  An ice beast (D:7)
  2 orc warriors (D:9)
  2 ogres
  4 wolves (Lair:2)
  3 centaurs
  2 phantoms (D:4)
  3 kobold brigands
  6 bullfrogs
  A gnoll sergeant (D:6)
  4 scorpions
  9 wights
  2 howler monkeys (D:7)
  A jelly (D:5)
  3 bombardier beetles
  3 orc priests
  4 hounds
  3 iguanas
  2 sleepcaps (D:6)
  5 orc wizards
  5 gnolls
  5 adders
  2 shadow imps (D:6)
  4 ufetubi
  4 dart slugs
  32 orcs
  5 ball pythons
  8 bats
  4 endoplasms
  A giant cockroach (D:2)
  5 goblins
  9 hobgoblins
  2 jackals (D:2)
  11 kobolds
  4 quokkas
  A frilled lizard (D:1)
  2 rats
244 creatures vanquished.

Vanquished Creatures (collateral kills)
  A nameless horror (D:10)
  Urug (D:10)
  2 komodo dragons (Lair:1)
  A wyvern (D:9)
  2 yaks
  A basilisk (Lair:2)
  A water moccasin (Lair:2)
  2 ice beasts (D:6)
  2 orc warriors
  3 centaurs
  A phantom (D:4)
  An orc priest (D:5)
  A sleepcap (D:4)
  2 orc wizards (D:5)
  An adder (D:3)
  A gnoll (D:4)
  7 orcs
  11 foxfires
41 creatures vanquished.

Vanquished Creatures (others)
  An orc wizard (D:8)
  519 foxfires
520 creatures vanquished.

Grand Total: 805 creatures vanquished

Notes
Turn   | Place    | Note
-------+----------+-------------------------------------------
     0 | D:1      | jjones the Demonspawn Fire Elementalist began the quest for
                  | the Orb.
     0 | D:1      | Reached XP level 1. HP: 13/13 MP: 3/3
    88 | D:1      | Gained mutation: You have sharp toenails. [potion of
                  | mutation]
    88 | D:1      | Gained mutation: You are agile. (Dex +4, Str/Int -1)
                  | [potion of mutation]
   221 | D:1      | Gained mutation: You have a small tail. [demonic ancestry]
   221 | D:1      | Reached XP level 2. HP: 19/19 MP: 3/5
   300 | D:1      | Learned a level 2 spell: Scorch
   523 | D:1      | Learned a level 1 spell: Foxfire
  1483 | D:3      | Gained mutation: A weak demonic guardian rushes to your
                  | aid. [demonic ancestry]
  1483 | D:3      | Reached XP level 3. HP: 24/24 MP: 3/6
  1783 | D:3      | Identified a scroll of acquirement
  1783 | D:3      | Acquired an amulet of reflection
  1989 | D:3      | Gained mutation: A demonic guardian rushes to your aid.
                  | [demonic ancestry]
  1989 | D:3      | Reached XP level 4. HP: 30/30 MP: 1/7
  2657 | D:3      | Reached XP level 5. HP: 10/35 MP: 5/9
  2937 | D:4      | Noticed a phantom
  2952 | D:4      | Killed a phantom
  2953 | D:4      | Reached skill level 1 in Maces & Flails
  2953 | D:4      | Reached skill level 1 in Armour
  2958 | D:4      | Learned a level 4 spell: Flame Wave
  3094 | D:4      | Reached XP level 6. HP: 27/42 MP: 6/10
  3332 | D:4      | Reached XP level 7. HP: 40/47 MP: 1/12
  3877 | D:5      | Entered Level 5 of the Dungeon
  4018 | D:5      | Lost mutation: You have sharp toenails. [potion of
                  | mutation]
  4018 | D:5      | Lost mutation: You are agile. (Dex +4, Str/Int -1) [potion
                  | of mutation]
  4018 | D:5      | Gained mutation: You are agile. (Dex +4, Str/Int -1)
                  | [potion of mutation]
  4018 | D:5      | Gained mutation: Your mind is acute. (Int +4, Str/Dex -1)
                  | [potion of mutation]
  4018 | D:5      | Gained mutation: You expend magic power (3 MP) to
                  | strengthen your wands. [potion of mutation]
  4321 | D:5      | Reached skill level 1 in Shields
  4419 | D:5      | Gained mutation: A powerful demonic guardian rushes to your
                  | aid. [demonic ancestry]
  4419 | D:5      | Reached XP level 8. HP: 53/53 MP: 5/14
  4441 | D:5      | Reached skill level 1 in Fighting
  4468 | D:5      | Reached skill level 5 in Fire Magic
  4672 | D:5      | Noticed a +0 short sword
  4672 | D:5      | Noticed a +0 falchion
  4674 | D:5      | Noticed a +0 spear
  4674 | D:5      | Noticed a +0 falchion
  4675 | D:5      | Noticed a +0 short sword
  4675 | D:5      | Noticed a +0 dagger
  4675 | D:5      | Noticed a +0 spear
  4675 | D:5      | Noticed a +0 dagger
  4702 | D:5      | Found a hide-covered altar of Uskayaw.
  5134 | D:6      | Reached skill level 5 in Spellcasting
  5332 | D:6      | Found a staircase to the Ecumenical Temple.
  5338 | Temple   | Entered the Ecumenical Temple
  5638 | D:6      | Reached skill level 5 in Conjurations
  6186 | D:6      | Gained mutation: You have a tail ending in a sharp stinger.
                  | [demonic ancestry]
  6186 | D:6      | Reached XP level 9. HP: 49/59 MP: 3/17
  6519 | D:7      | Lost mutation: Your mind is acute. (Int +4, Str/Dex -1)
                  | [potion of mutation]
  6519 | D:7      | Lost mutation: You are agile. (Dex +4, Str/Int -1) [potion
                  | of mutation]
  6519 | D:7      | Gained mutation: You have a pair of small antennae on your
                  | head. [potion of mutation]
  6519 | D:7      | Gained mutation: You are robust. (+10% HP) [potion of
                  | mutation]
  6527 | D:7      | HP: 4/96 [poisoned by an orc wizard]
  6815 | D:7      | Found a large runed translucent door.
  6815 | D:7      | Found a large runed translucent door.
  6818 | D:7      | Found the +11 plutonium sword {^Contam Stlth-}
  6828 | D:7      | Found a large runed translucent door.
  6828 | D:7      | Found a large runed translucent door.
  7112 | D:7      | Found a snail-covered altar of Cheibriados.
  7118 | D:7      | Became a worshipper of Cheibriados the Contemplative
  7808 | D:8      | Reached * piety under Cheibriados
  8027 | D:8      | Found an ancient bone altar of Kikubaaqudgha.
  8029 | D:8      | Found a blossoming altar of Fedhas.
  8705 | D:9      | Noticed a deep elf pyromancer
  8712 | D:9      | Killed a deep elf pyromancer
  8713 | D:9      | Gained mutation: When seriously injured, your blood forms
                  | armour. (AC +6) [demonic ancestry]
  8713 | D:9      | Reached XP level 10. HP: 73/73 MP: 14/20
  8717 | D:9      | Noticed a two-headed ogre
  8719 | D:9      | Reached skill level 5 in Armour
  8725 | D:9      | Killed a two-headed ogre
  8726 | D:9      | Reached skill level 1 in Short Blades
  9199 | D:9      | Found a shimmering altar of Xom.
  9200 | D:9      | Found a sparkling altar of Nemelex Xobeh.
  9200 | D:9      | Found a shadowy altar of Dithmenos.
  9296 | D:9      | Reached ** piety under Cheibriados
 10134 | D:10     | Entered Level 10 of the Dungeon
 10315 | D:10     | Noticed a gargoyle
 10336 | D:10     | Killed a gargoyle
 10337 | D:10     | Gained mutation: Your demonic aura sometimes causes spilled
                  | blood to erupt in flames. [demonic ancestry]
 10337 | D:10     | Reached XP level 11. HP: 55/79 MP: 8/23
 10357 | D:10     | Learned a level 3 spell: Summon Ice Beast
 10385 | D:10     | Gained mutation: You are weak. (Str -2) [mutagenic glow]
 10505 | D:10     | Noticed a nameless horror
 10511 | D:10     | Killed a nameless horror
 10513 | D:10     | Noticed a nameless horror
 10517 | D:10     | Killed a nameless horror
 10550 | D:10     | Noticed Urug
 10561 | D:10     | Killed Urug
 10751 | D:10     | Found an ornate altar of the Wu Jian Council.
 10795 | D:10     | Found a basalt altar of Yredelemnul.
 11460 | D:10     | Identified the +3 war axe of the Pariah {freeze, rElec rN+
                  | Int+2}
 11603 | D:11     | Noticed Maurice
 11618 | D:11     | Something stole a +3 flail
 11620 | D:11     | Something stole 2 throwing nets
 11624 | D:11     | Something stole a ring of protection from cold
 11626 | D:11     | Something stole 433 gold
 11629 | D:11     | Something stole 97 stones
 11669 | D:11     | Killed Maurice
 11858 | D:11     | Found a runed translucent gate.
 11858 | D:11     | Found a runed translucent gate.
 11858 | D:11     | Found a runed translucent gate.
 11858 | D:11     | Noticed a glowing orange brain
 11858 | D:11     | Noticed a cyan ugly thing
 11858 | D:11     | Noticed a white ugly thing
 11859 | D:11     | Noticed a cyan ugly thing
 11860 | D:11     | Noticed a cyan ugly thing
 11956 | D:11     | Reached *** piety under Cheibriados
 12001 | D:11     | Found a staircase to the Lair.
 12009 | Lair:1   | Entered Level 1 of the Lair of Beasts
 12048 | Lair:1   | Reached skill level 1 in Axes
 13215 | Lair:1   | Reached **** piety under Cheibriados
 13549 | Lair:1   | Noticed Harold
 13558 | Lair:1   | Gained mutation: Your demonic aura often causes spilled
                  | blood to erupt in flames. [demonic ancestry]
 13558 | Lair:1   | Reached XP level 12. HP: 90/91 MP: 22/25
 13565 | Lair:1   | Killed Harold
 13566 | Lair:1   | Reached skill level 1 in Throwing
 13602 | Lair:1   | Noticed a boulder beetle
 13633 | Lair:1   | Killed a boulder beetle
 14052 | Lair:2   | Reached skill level 5 in Axes
 14611 | Lair:2   | Reached ***** piety under Cheibriados
 15069 | Lair:3   | Annihilated by a swamp worm

Illustrated notes

Levels and vault maps discovered:
D:1:      minmay_arrival_wavy_path, layout_rooms, minmay_misc_feat_x,
          chequers_mini_garden, hangedman_abyss_or_decor_stabs,
          dreamdust_princess_corridor, chequers_garden
D:2:      layout_basic
D:3:      layout_basic, hangedman_decor_peaks_small, grunt_ministairs_5
D:4:      layout_cave_pods, nicolae_the_louvre
D:5:      layout_basic, nicolae_uskayaw_en_pointe, st_stairs_10
D:6:      layout_loops_cross, minmay_temple_entry_enclosed_plants,
          minmay_misc_feat_five, grunt_ministairs_5, nicolae_zen_rock_garden
D:7:      layout_basic, mainiacjoe_overflow_chevrons,
          minmay_hollow_rounded_squares
D:8:      layout_loops_ring, grunt_temple_overflow_growth_and_decay
D:9:      layout_basic, chequers_temple_overflow_statue_of_worship
D:10:     layout_loops_ring, mainiacjoe_overflow_catch_the_wave,
          grunt_ministairs_2, uniq_urug
D:11:     layout_stronghold, lair_entry_dummy,
          ploomutoo_gammafunk_ghost_potion_laboratory, uniq_maurice
Temple:   nicolae_temple_bog_church
Lair:1:   layout_loops_ring, nzn_sisyphean_effort, uniq_harold
Lair:2:   layout_concentric_octagons
Lair:3:   layout_chaotic_city, palyth_hydra_swamp_entry,
          nicolae_spider_entry_lesser_pyramids

Skill      XL: |  1  2  3  4  5  6  7  8  9 10 11 12 |
---------------+-------------------------------------+-----
Fire Magic     | 3 4 5 7 8 9 |  9.8
Dodging        | 2 3 |  3.1
Conjurations   | 2 3 5 6 |  6.5
Maces & Flails | 1 2 3 |  3.3
Armour         | 1 2 3 4 6 7 |  7.3
Spellcasting   | 3 4 5 7 8 9 |  9.9
Shields        | 1 |  1.6
Fighting       | 1 2 3 4 |  4.3
Stealth        | 2 3 |  3.0
Short Blades   | 3 |  3.9
Axes           | 4 5 |  5.9
Throwing       | 1 |  1.0
Summonings     | |  0.9
Ice Magic      | |  0.4
Evocations     | |  0.3

Action                     |  1- 3 |  4- 6 |  7- 9 | 10-12 || total
---------------------------+-------+-------+-------+-------++-------
  Melee: Mace              |    26 |    82 |    86 |       ||   194
         Unarmed           |     1 |       |       |     3 ||     4
         Kick              |     6 |    23 |    10 |       ||    39
         Tailslap          |     1 |     6 |    27 |    94 ||   128
         Punch             |     1 |       |       |       ||     1
         Battleaxe         |       |       |    22 |       ||    22
         Short sword       |       |       |    36 |   149 ||   185
         Dagger            |       |       |     7 |       ||     7
         War axe           |       |       |       |   229 ||   229
  Throw: Boomerang         |       |     1 |     2 |    12 ||    15
   Cast: Foxfire           |    50 |    21 |   183 |    89 ||   343
         Scorch            |     1 |       |    48 |   128 ||   177
         Summon Ice Beast  |       |       |       |     1 ||     1
         Flame Wave        |       |       |       |     5 ||     5
  Evoke: Wand              |       |       |       |     8 ||     8
    Use: Scroll            |     9 |       |     5 |     5 ||    19
         Potion            |     4 |     4 |     7 |     2 ||    17
 Armour: Leather armour    |     5 |       |       |       ||     5
         Robe              |     1 |       |       |       ||     1
         Scale mail        |    17 |       |       |       ||    17
         Chain mail        |       |   110 |   262 |   457 ||   829
         Skin              |       |       |       |    16 ||    16
  Dodge: Dodged            |    34 |    44 |   121 |   185 ||   384
  Block: Other             |     1 |    35 |    42 |       ||    78
